 Dungeon Crawl Stone Soup version 0.31-a0-716-gc7603755dd (webtiles) character file.

Game seed: 2701313032693043779

2332304 Hi5aMiFi the Hawkeye (level 27, 279/279 HPs)
             Began as a Troll Shapeshifter on Sept 11, 2023.
             Was a High Priest of Okawaru.
             Escaped with the Orb
             ... and 4 runes on Sept 15, 2023!
             The game lasted 10:27:40 (71433 turns).

Hi5aMiFi the Hawkeye (Troll Shapeshifter)          Turns: 71433, Time: 10:27:41

Health: 279/279    AC: 42    Str: 41      XL:     27
Magic:  33/33      EV:  7    Int:  6 (8)  God:    Okawaru [*****.]
Gold:   3274       SH: 29    Dex:  6      Spells: 26/26 levels left

rFire   + + .        s - +9 demon trident (drain)
rCold   + + +        f - +10 tower shield of Ignorance {rN+ Int-4}
rNeg    + . .        q - +11 gold dragon scales
rPois   +            k - +2 hat {Will+}
rElec   +            P - +1 cloak "Fila" {-Cast rCorr Str+6 Dex-5}
rCorr   +            (gloves unavailable)
SInv    .            (boots unavailable)
Will    ++++.        e - amulet of the Seeker {RegenMP Fragile rC++ Will+ Stlth+} Stlth
                     j - ring "Wuat" {rElec rPois rF+ Int+2}
HPRegen 1.46/turn    w - ring of Cumn {rPois Str+3 Slay+4}
MPRegen 0.63/turn

%: no spellcasting
@: hasted, studying Dodging, very quick
A: large, unfitting armour, claws 3, regeneration 1, shaggy fur 2, tough skin 1,
weak 1, noise suppression
0: Orb of Zot
}: 4/15 runes: barnacled, slimy, silver, gossamer
a: Renounce Religion, Heroism, Finesse, Duel


You escaped.
You worshipped Okawaru.
Okawaru was extremely pleased with you.
You visited 11 branches of the dungeon, and saw 55 of its levels.
You also visited: Ice Cave and Wizlab.

You collected 8334 gold pieces.
You spent 5060 gold pieces at shops.

Inventory:

Hand Weapons
 n - a +6 demon trident of electrocution
 s - a +9 demon trident of draining (weapon)
Missiles
 l - 14 darts of dispersal
 y - 7 curare-tipped darts
 B - 12 boomerangs (quivered)
 F - 114 large rocks
 H - 11 javelins
 I - 7 throwing nets
 X - 21 silver javelins
Armour
 f - the +10 tower shield of Ignorance (worn) {rN+ Int-4}
   (You acquired it on level 1 of the Shoals)

   Int-4:     It affects your intelligence (-4).
   rN+:       It protects you from negative energy.
 k - a +2 hat of willpower (worn)
 q - +11 gold dragon scales (worn)
 G - the +10 pearl dragon scales "Fuodaihu" {rN+ Slay+3}
   (Okawaru gifted it to you on level 1 of the Shoals)

   Slay+3:    It affects your accuracy & damage with ranged weapons and melee
   (+3).
   rN+:       It protects you from negative energy.
 P - the +1 cloak "Fila" (worn) {-Cast rCorr Str+6 Dex-5}
   (You acquired it on level 5 of the Realm of Zot)

   Str+6:     It affects your strength (+6).
   Dex-5:     It affects your dexterity (-5).
   -Cast:     It prevents spellcasting.
   rCorr:     It protects you from acid and corrosion.
Jewellery
 c - the ring of the Traitor {rC+ rN+}
   (You bought it in a shop on level 1 of the Elven Halls)

   [ring of positive energy]

   rC+:       It protects you from cold.
   rN+:       It protects you from negative energy.
 e - the amulet of the Seeker (around neck) {RegenMP Fragile rC++ Will+ Stlth+}
   (You found it in a wizard's laboratory)

   [amulet of magic regeneration]

   RegenMP:   It increases your rate of magic regeneration.
   rC++:      It greatly protects you from cold.
   Will+:     It increases your willpower.
   Fragile:   It will be destroyed if unequipped.
   Stlth+:    It makes you more stealthy.
 j - the ring "Wuat" (left claw) {rElec rPois rF+ Int+2}
   (You bought it in a shop on level 12 of the Dungeon)

   [ring of protection from fire]

   Int+2:     It affects your intelligence (+2).
   rF+:       It protects you from fire.
   rElec:     It insulates you from electricity.
   rPois:     It protects you from poison
 r - the amulet of the Four Winds {rN+ Will+++ Clar}
   (You found it on level 3 of the Crypt)

   [amulet of nothing]

   rN+:       It protects you from negative energy.
   Will+++:   It greatly increases your willpower.
   Clar:      It protects you from confusion, rage, mesmerisation and fear.
 w - the ring of Cumn (right claw) {rPois Str+3 Slay+4}
   (You found it on level 12 of the Dungeon)

   [ring of slaying]

   Str+3:     It affects your strength (+3).
   Slay+4:    It affects your accuracy & damage with ranged weapons and melee
   (+4).
   rPois:     It protects you from poison
 x - the ring "Kaaxus" {Fire *Corrode rElec Str+3 SInv}
   (You took it off a yaktaur captain on level 5 of the Vaults)

   [ring of fire]

   Fire:      It enhances your fire magic.
   Str+3:     It affects your strength (+3).
   rF+:       It protects you from fire.
   rC-:       It makes you vulnerable to cold.
   rElec:     It insulates you from electricity.
   SInv:      It lets you see invisible.
   *Corrode:  It may corrode you when you take damage.
 E - the ring of Polyr {*Corrode rPois rC+ Will+ EV+5}
   (You found it on level 5 of the Pits of Slime)

   [ring of evasion]

   EV+5:      It affects your evasion (+5).
   rC+:       It protects you from cold.
   rPois:     It protects you from poison Will+: It increases your willpower.
   *Corrode:  It may corrode you when you take damage.
 K - a ring of flight
 L - a +4 ring of slaying
 S - the ring of Xezuck {rF++ rN+ EV+5 Dex+3}
   (You took it off a deep elf high priest on level 4 of the Vaults)

   [ring of evasion]

   EV+5:      It affects your evasion (+5).
   Dex+3:     It affects your dexterity (+3).
   rF++:      It greatly protects you from fire.
   rN+:       It protects you from negative energy.
 Z - a +4 ring of protection
Wands
 p - a wand of paralysis (41)
 t - a wand of roots (25)
 z - a wand of digging (7)
 A - a wand of acid (25)
Scrolls
 b - 5 scrolls of fear
 h - 7 scrolls of fog
 m - 6 scrolls of immolation
 o - 16 scrolls of teleportation
 v - 4 scrolls of vulnerability
 C - 2 scrolls of blinking
 O - a scroll of silence
 U - 4 scrolls of poison
Potions
 a - a potion of cancellation
 d - 5 potions of ambrosia
 g - 2 potions of haste
 u - 9 potions of mutation
 D - 8 potions of attraction
 M - 2 potions of enlightenment
 N - 3 potions of might
 Q - 7 potions of heal wounds
 R - a potion of invisibility
 T - 10 potions of curing
 W - 2 potions of magic
 Y - a potion of lignification
Miscellaneous
 V - a tin of tremorstones (2/2)


   Skills:
 + Level 17.6 Fighting
 - Level 7.6 Long Blades
 - Level 14.0 Polearms
 * Level 21.3 Throwing
 * Level 20.9 Armour
 - Level 7.0 Dodging
 - Level 20.0 Shields
 - Level 5.0 Unarmed Combat
 - Level 15.0 Invocations
 - Level 7.0 Evocations
 - Level 7.0 Shapeshifting


You had 26 spell levels left.
You didn't know any spells.
Your spell library contained the following spells:

 Spells                   Type           Power      Damage    Failure   Level
 Foxfire                  Conj/Fire      0%         2x1d4     98%         1
 Freeze                   Ice            0%         1d3       98%         1
 Magic Dart               Conj           0%         1d3       98%         1
 Necrotise                Necr           0%         1d4       98%         1
 Sandblast                Erth           0%         2d4       98%         1
 Shock                    Conj/Air       0%         1d3       98%         1
 Sting                    Tmut/Pois      0%         1d3       98%         1
 Cigotuvi's Dreadful Rot  Necr/Pois/Air  0%         N/A       99%         2
 Ensorcelled Hibernation  Hex/Ice        0%         N/A       99%         2
 Jinxbite                 Hex            0%         N/A       99%         2
 Passwall                 Tmut/Erth      0%         N/A       99%         2
 Poisonous Vapours        Pois/Air       0%         N/A       99%         2
 Scorch                   Fire           0%         2d5       99%         2
 Searing Ray              Conj           0%         2d4       99%         2
 Static Discharge         Conj/Air       0%         2-2/arc   99%         2
 Sublimation of Blood     Necr           0%         N/A       99%         2
 Wereblood                Tmut           0%         N/A       99%         2
 Dazzling Flash           Conj/Hex       0%         N/A       100%        3
 Gell's Gravitas          Tloc           0%         N/A       100%        3
 Hailstorm                Conj/Ice       0%         3d3       100%        3
 Ignite Poison            Fire/Tmut/Pois 0%         N/A       100%        3
 Mephitic Cloud           Conj/Pois/Air  0%         N/A       100%        3
 Ozocubu's Armour         Ice            0%         N/A       100%        3
 Stone Arrow              Conj/Erth      0%         3d7       100%        3
 Swiftness                Air            0%         N/A       100%        3
 Teleport Other           Tloc           0%         N/A       100%        3
 Vampiric Draining        Necr           0%         2d6       100%        3
 Volatile Blastmotes      Fire/Tloc      0%         2d10      100%        3
 Airstrike                Air            0%         2d(0-16)  100%        4
 Anguish                  Hex/Necr       0%         N/A       100%        4
 Dispel Undead            Necr           0%         3d6       100%        4
 Fulminant Prism          Conj/Hex       0%         3d5       100%        4
 Manifold Assault         Tloc           0%         N/A       100%        4
 Olgreb's Toxic Radiance  Pois           0%         N/A       100%        4
 Passage of Golubria      Tloc           0%         N/A       100%        4
 Sticky Flame             Conj/Fire      0%         2d3       100%        4
 Vhi's Electric Charge    Tloc/Air       0%         N/A       100%        4
 Agony                    Necr           0%         N/A       100%        5
 Alistair's Intoxication  Tmut/Pois      0%         N/A       100%        5
 Arcjolt                  Conj/Air       0%         1d10      100%        5
 Borgnjor's Vile Clutch   Necr/Erth      0%         N/A       100%        5
 Fireball                 Conj/Fire      0%         3d3       100%        5
 Freezing Cloud           Conj/Ice/Air   0%         6-21      100%        5
 Iskenderun's Battlesphe  Conj           0%         2d6       100%        5
 Lee's Rapid Deconstruct  Erth           0%         3d4*      100%        5
 Silence                  Hex/Air        0%         N/A       100%        5
 Yara's Violent Unravell  Hex/Tmut       0%         3d3       100%        5
 Conjure Ball Lightning   Conj/Air       0%         3x3d6     100%        6
 Dispersal                Tloc           0%         N/A       100%        6
 Eringya's Noxious Bog    Tmut/Pois      0%         4d6       100%        6
 Plasma Beam              Fire/Air       0%         2x1d10    100%        6
 Starburst                Conj/Fire      0%         6d3       100%        6
 Enfeeble                 Hex            0%         N/A       100%        7
 Orb of Destruction       Conj           0%         9d5       100%        7
 Ozocubu's Refrigeration  Ice            0%         4d7       100%        7
 Disjunction              Tloc           0%         N/A       100%        8
 Ignition                 Fire           0%         3d3       100%        8
 Lehudib's Crystal Spear  Conj/Erth      0%         10d2      100%        8
 Maxwell's Capacitive Co  Air            0%         ∞         100%        8
 Call Imp                 Summ           Unusable   N/A       N/A         2
 Tukima's Dance           Hex            Unusable   N/A       N/A         3
 Animate Armour           Summ/Erth      Unusable   N/A       N/A         4
 Summon Lightning Spire   Summ/Air       Unusable   N/A       N/A         4
 Summon Hydra             Summ           Unusable   N/A       N/A         7
 Infestation              Necr           Unusable   N/A       N/A         8

Dungeon Overview and Level Annotations

Branches:
Dungeon (15/15)            Temple (0/1) D:7            Lair (5/5) D:8
 Shoals (4/4) Lair:3       Spider (4/4) Lair:2        Slime (5/5) Lair:5
    Orc (2/2) D:12            Elf (3/3) Orc:2        Vaults (5/5) D:13
  Crypt (3/3) Vaults:3       Tomb (0/3) Crypt:3      Depths (4/4) D:15
    Zot (5/5) Depths:4      IceCv (visited)          WizLab (visited)

Altars:
Cheibriados
Dithmenos
Gozag
Makhleb
Nemelex Xobeh
Okawaru
Qazlal
Ru
Sif Muna
Uskayaw
Vehumet
Wu Jian
Xom
The Shining One
Jiyva
Lugonu

Shops:
D:1 [   D:2 :   D:8 !   D:12 =   Orc:2 (*[=   Elf:1 :=:   Elf:2 (   Shoals:3 (
Shoals:4 *   Vaults:2 !   Vaults:3 [   Vaults:5 [   Depths:1 ?

Portals:
Hell: Depths:1 Depths:2 Depths:3 Depths:4
Abyss: Lair:5 Depths:2 Depths:3 Depths:4
Pandemonium: Depths:2 Depths:3 Depths:4
Ziggurat: Depths:4

Annotations:
Vaults:4 3 runed translucent doors, Hi5aMiFi's ghost, adept TrSh
Zot:4 2 transporters, Toid's ghost, veteran OgBe


Innate Abilities, Weirdness & Mutations

You are too large for most types of armour.
You have claws for hands.
Your natural rate of healing is unusually fast.
You are covered in thick fur. (AC +2)
You have tough skin. (AC +1)
You are weak. (Str -2)
You passively dampen the noise of your surroundings.


Message History

There is a stone staircase leading down here.
There is a broken door here.
Aiming: Dig
Press: ? - help, Shift-Dir - straight line This square is covered in magical glow.
The rock shatters into small pieces.
A smoke demon comes into view.
A smoke demon is nearby!
You reach to attack!
You completely miss the smoke demon.
You reach to attack!
You puncture the smoke demon!
The smoke demon is moderately wounded.
You reach to attack!
You impale the smoke demon!!
The smoke demon is almost dead.
You hit the smoke demon.
The smoke demon is almost dead.
You block the smoke demon's attack. x3
You closely miss the smoke demon.
The smoke demon is almost dead.
You impale the smoke demon!!
You kill the smoke demon!
Okawaru accepts your kill.
There is a stone staircase leading up here.
You climb upwards.
There is a stone staircase leading down here.
There is a stone staircase leading up here.
You climb upwards.
There is a stone staircase leading down here.
There is a stone staircase leading up here.
You climb upwards.
There is a stone staircase leading down here.
You feel yourself speed up.
Aiming: Dig
Press: ? - help, Shift-Dir - straight line A rock wall.
This square is covered in magical glow.
The rock shatters into small pieces.
Blink to where?
Press: ? - help, Dir - move target
As you read the scroll of blinking, it crumbles to dust.
You have escaped!

####'###....#.# #.## ###########
#..##.##.#.# #.##
###.........####..#.##.#.# ###.##
...............##.#.##.#.###.....
.....⌠...⌠..........##.#.##..#.##
..⌠.........⌠...##..##.#.#..##.#
.......≈.........#..##.#.#.###.#
.⌠...........⌠...#..##.....# #.#
....≈.....≈.....@#.......### #.#
.⌠...........⌠...#.....#.# #.#
.......≈.............###.# #.#
..⌠.........⌠...##§......#####.#
.....⌠...⌠.....................#
...............##..#############
###.........#####..# ###########
#....# #.#.##


There were no monsters in sight!

Vanquished Creatures
  the Royal Jelly (Slime:5)
  A dread lich (Zot:5)
  3 ancient liches
  4 orbs of fire (Zot:5)
  Mara (Vaults:2)
  The ghost of Feng the Slayer, a veteran OgBe of Trog (Zot:5)
  A juggernaut (Depths:2)
  Boris (twice) (Vaults:4 Crypt:2)
  Frederick (Vaults:4)
  5 Killer Klowns
  Margery (Crypt:1)
  Vv (Depths:4)
  Bai Suzhen (Vaults:4)
  3 caustic shrikes (Depths:4)
  9 curse toes
  11 golden dragons
  3 bone dragons
  Jory (Vaults:3)
  Arachne (Spider:2)
  5 electric golems
  Jorgrun (D:13)
  24 tentacled monstrosities
  An Ice Fiend (Depths:1)
  27 Orb Guardians
  A Hell Sentinel (Arena)
  Asterion (Spider:2)
  2 deep elf blademasters (Elf:3)
  A shard shrike skeleton (Crypt:1)
  The ghost of benadryl the Wrestler, an adept TrAr of Trog (Shoals:4)
  2 walking divine tomes
  A moon troll (WizLab)
  5 liches
  6 quicksilver dragons
  A titan (Vaults:5)
  9 ancient champions
  25 acid blobs
  2 deep elf master archers (Elf:3)
  A sphinx (shapeshifter) (Vaults:5)
  9 death cobs
  8 sphinxes
  A pandemonium lord (D:12)
  10 tentacled starspawn (WizLab)
  11 shadow dragons
  Kirke (Lair:4)
  Gastronok (Lair:1)
  14 storm dragons
  Donald (Vaults:3)
  5 draconian monks
  9 tengu reavers
  3 revenants
  4 azure jellies
  8 rockslimes
  7 frost giants
  15 fire giants
  The ghost of Tewoziw the Warrior, a journeyman FoFi of Okawaru (D:15)
  An iron dragon (Depths:3)
  16 vault wardens
  Louise (Spider:1)
  An emperor scorpion (Spider:4)
  3 curse skulls
  6 draconian knights
  7 deep elf sorcerers
  5 deep elf elementalists (Elf:3)
  5 draconian scorchers
  The ghost of Zays the Fighter, an adept GrEE of Okawaru (Shoals:1)
  5 draconian shifters
  5 orc warlords
  9 ghouls
  6 ghost moths
  A spriggan defender (Depths:2)
  2 draconian stormcallers
  A reaper (Crypt:3)
  3 war gargoyles
  4 draconian annihilators
  7 quicksilver oozes
  34 very ugly things
  6 formless jellyfish
  20 ironbound preservers
  5 cacodemons
  12 ironbound thunderhulks
  18 stone giants
  8 broodmothers
  6 vampire knights
  10 purple draconians
  Azrael (Spider:1)
  Nessos (Lair:4)
  7 deep elf demonologists
  10 green draconians
  15 black draconians
  3 deep elf annihilators (Elf:3)
  11 red draconians
  7 yellow draconians
  9 spark wasps
  25 dire elephants
  13 white draconians
  6 eidola
  9 merfolk impalers
  6 deep elf death magi
  5 merfolk javelineers (Shoals:4)
  A blizzard demon (Depths:4)
  12 entropy weavers
  17 ettins
  7 jiangshi
  8 fire dragons
  13 great orbs of eyes
  5 deep elf high priests
  18 yaktaur captains
  A spriggan zombie (Crypt:1)
  38 vault guards
  4 catoblepae
  2 hell beasts (Depths:1)
  A peacekeeper (Vaults:1)
  5 rakshasas
  9 centaur warriors
  13 hydras
  4 ice dragons
  An Orb Guardian zombie (Crypt:2)
  A caustic shrike simulacrum (IceCv)
  3 spriggan air magi
  8 boulder beetles
  5 merfolk aquamancers (Shoals:4)
  An ogre mage (Vaults:5)
  2 death knights (Crypt:1)
  4 death yaks
  7 ironbound frosthearts
  A jorogumo (Spider:2)
  4 merfolk avatars
  5 tengu warriors
  2 alligator snapping turtles
  2 satyrs
  4 two-headed ogres
  2 deep troll shamans
  7 spriggan berserkers
  9 demonic crawlers
  33 dancing weapons
  11 deep troll earth magi
  4 soul eaters
  2 thrashing horrors (Lair:5)
  Urug (Lair:2)
  7 vampire magi
  A shock serpent (shapeshifter) (Vaults:4)
  15 deep elf knights
  3 orc high priests (Orc:2)
  12 hell knights
  3 sun demons
  5 sun moths
  2 shadow wraiths
  The ghost of Urgle the Blocker, a novice GnFi of Cheibriados (D:8)
  A titan skeleton (Crypt:3)
  23 skeletal warriors
  2 wretched stars (WizLab)
  6 skysharks
  10 pharaoh ants
  39 deep trolls
  A death drake (shapeshifter) (Vaults:5)
  10 iron trolls
  A spark wasp zombie (Crypt:2)
  9 orb spiders
  10 sea snakes
  9 glowing orange brains
  An orange crystal statue (WizLab)
  A tengu zombie (Vaults:4)
  16 ironbound convokers
  2 obsidian statues
  5 flayed ghosts
  2 shadow demons
  6 necromancers
  5 deep elf archers
  16 orc knights
  5 lindwurms
  16 harpies
  13 phantasmal warriors
  An anaconda skeleton (Crypt:1)
  24 deep elf zephyrmancers
  17 wolf spiders
  4 steelbarb worms
  40 ugly things
  8 wizards
  31 deep elf pyromancers
  6 orc sorcerers
  A shadow dragon skeleton (Crypt:1)
  A mana viper (shapeshifter) (Depths:4)
  5 starcursed masses (WizLab)
  15 manticores
  A wolf spider (shapeshifter) (Depths:2)
  A salamander (shapeshifter) (Lair:5)
  6 shining eyes
  7 fauns
  10 cyclopes
  A dire elephant zombie (Crypt:2)
  A stone giant skeleton (Crypt:1)
  41 moths of wrath
  3 rust devils
  17 elephants
  5 smoke demons
  A fire giant skeleton (Crypt:3)
  5 large abominations
  7 black mambas
  9 merfolk sirens
  An ice statue (Spider:4)
  2 centaur skeletons
  An alligator snapping turtle zombie (Crypt:2)
  11 apocalypse crabs (Zot:4)
  20 vault sentinels
  9 water nymphs
  9 cane toads
  3 gargoyles
  A molten gargoyle (Lair:4)
  9 eyes of devastation
  3 orange demons
  3 torpor snails (Spider:4)
  A hellion (Depths:3)
  3 freezing wraiths
  A kobold demonologist (D:13)
  3 unseen horrors
  An anaconda simulacrum (IceCv)
  A red draconian zombie (Crypt:3)
  3 tengu conjurers
  4 rime drakes
  4 efreet
  5 guardian mummies (Crypt:3)
  An ice devil (Depths:1)
  A tormentor (Depths:1)
  2 red devils
  A yellow draconian skeleton (Crypt:1)
  8 komodo dragons
  A green draconian skeleton (Crypt:3)
  41 yaktaurs
  28 merfolk
  4 wind drakes
  7 trolls
  4 hornets
  A tyrant leech (shapeshifter) (Vaults:5)
  A hellwing (Depths:2)
  29 tarantellas
  A tarantella (shapeshifter) (Vaults:5)
  2 polar bears
  An alligator simulacrum (IceCv)
  2 raiju (Lair:5)
  24 dream sheep
  A flying skull (Crypt:3)
  24 blink frogs
  11 snapping turtles
  2 shadows
  A fire dragon skeleton (Crypt:1)
  85 slime creatures
  5 spriggans
  6 wraiths
  2 ynoxinuls
  35 jumping spiders
  17 water elementals
  7 air elementals
  17 culicivoras
  A slime creature zombie (Crypt:2)
  2 wyverns
  A wind drake zombie (Crypt:3)
  2 dire elephant simulacra (IceCv)
  53 yaks
  3 hogs (Lair:4)
  7 basilisks
  An elf zombie (Vaults:4)
  7 fire elementals
  3 golden eyes (Slime:4)
  A yak (shapeshifter) (Elf:2)
  9 chaos spawn
  The ghost of GreenGuy14 the Changeling, an amateur DrSh of Fedhas (D:3)
  51 redbacks
  4 vampire mosquitoes
  2 steam dragons
  Grum (D:10)
  A wind drake skeleton (Crypt:1)
  Menkaure (D:5)
  2 neqoxecs
  A harpy simulacrum (IceCv)
  6 wargs
  A two-headed ogre zombie (Crypt:1)
  2 acid dragons
  15 water moccasins
  4 hell hounds (Spider:1)
  Duvessa (D:7)
  A faun skeleton (Crypt:3)
  A naga skeleton (Crypt:3)
  28 orc warriors
  A sky beast (D:7)
  2 black bears
  A human zombie (Vaults:4)
  A manticore zombie (Crypt:2)
  6 ogres
  25 wolves
  3 centaurs
  A snapping turtle skeleton (Crypt:2)
  3 phantoms
  An elf simulacrum (Vaults:4)
  A kobold brigand (D:9)
  2 scorpions (D:6)
  11 bullfrogs
  A wyvern zombie (Crypt:3)
  2 human skeletons
  2 necrophages
  An earth elemental (Elf:3)
  A rime drake skeleton (Crypt:2)
  2 gnoll sergeants
  20 small abominations
  24 wights
  Dowan (D:7)
  13 killer bees
  2 lindwurm simulacra (IceCv)
  A troll skeleton (Crypt:3)
  4 howler monkeys
  6 electric eels
  A wolf zombie (Crypt:2)
  6 quasits
  5 hounds
  3 jellies
  Crazy Yiuf (D:6)
  2 gnoll boudas
  16 orc priests
  An iron imp (D:8)
  A boggart zombie (Crypt:1)
  12 hell rats (Lair:3)
  2 iguanas (D:5)
  13 orc wizards
  An acid dragon zombie (Crypt:1)
  A deep dwarf skeleton (Crypt:1)
  7 mummies (Crypt:3)
  14 gnolls
  11 adders
  A shadow imp (D:5)
  3 ufetubi
  An adder zombie (Crypt:1)
  2 worms
  64 orcs
  11 endoplasms
  A giant cockroach (D:2)
  7 goblins
  A hobgoblin (D:2)
  8 jackals
  2 quokkas
  8 ball pythons
  3 bats
  6 frilled lizards
  A hobgoblin skeleton (Crypt:2)
  8 kobolds
  6 rats
  A rat skeleton (Crypt:3)
  4 starspawn tentacles (WizLab)
2470 creatures vanquished.

Vanquished Creatures (others)
  A draconian knight (Zot:2)
  A fire giant (Depths:2)
  A purple draconian (Zot:1)
  A dancing weapon (Elf:1)
  A deep troll (Depths:2)
  A deep elf zephyrmancer (Elf:1)
  A water elemental (D:14)
  18 starspawn tentacles (WizLab)
25 creatures vanquished.

Grand Total: 2495 creatures vanquished

Notes
Turn   | Place    | Note
-------+----------+-------------------------------------------
     0 | D:1      | Hi5aMiFi the Troll Shapeshifter began the quest for the
                  | Orb.
     0 | D:1      | Reached XP level 1. HP: 18/18 MP: 0/0
   108 | D:1      | Found Xeului's Armour Shop.
   129 | D:1      | Reached skill level 1 in Fighting
   543 | D:1      | Reached XP level 2. HP: 27/27 MP: 1/1
   602 | D:1      | Found a faded altar of an unknown god.
   875 | D:2      | Identified the +8 dagger "Etyph" {freeze, rElec rF- SInv}
  1049 | D:2      | Found an iron altar of Okawaru.
  1057 | D:2      | Became a worshipper of Warmaster Okawaru
  1232 | D:2      | Reached XP level 3. HP: 30/33 MP: 2/2
  1376 | D:2      | Found Amaetyatt's Book Boutique.
  1583 | D:3      | Found a large runed translucent door.
  1584 | D:3      | Found a large runed translucent door.
  1585 | D:3      | Noticed GreenGuy14's ghost (amateur DrSh)
  1768 | D:3      | Found an ornate altar of the Wu Jian Council.
  1773 | D:3      | Noticed a spectral centipede
  1773 | D:3      | Noticed a spectral black mamba
  1773 | D:3      | Noticed a spectral scorpion
  1773 | D:3      | Noticed a spectral cane toad
  1904 | D:3      | Reached XP level 4. HP: 39/42 MP: 3/3
  2732 | D:4      | Reached skill level 1 in Evocations
  2732 | D:4      | Reached XP level 5. HP: 49/49 MP: 4/4
  2870 | D:4      | Reached * piety under Okawaru
  2871 | D:4      | Reached skill level 5 in Unarmed Combat
  3141 | D:4      | Reached XP level 6. HP: 51/59 MP: 5/5
  3641 | D:5      | Entered Level 5 of the Dungeon
  3845 | D:5      | Reached skill level 1 in Throwing
  3845 | D:5      | Reached skill level 1 in Invocations
  4086 | D:5      | Noticed Menkaure
  4101 | D:5      | Killed Menkaure
  4102 | D:5      | Reached XP level 7. HP: 67/67 MP: 3/7
  4198 | D:5      | Reached ** piety under Okawaru
  4199 | D:5      | Reached skill level 2 in Throwing
  4324 | D:5      | Found a shimmering altar of Xom.
  4935 | D:1      | Bought an orb of light for 224 gold pieces
  5274 | D:6      | Reached skill level 3 in Throwing
  5556 | D:7      | Reached XP level 8. HP: 71/76 MP: 8/8
  5585 | D:6      | Reached skill level 5 in Shapeshifting
  5680 | D:6      | Found a runed translucent door.
  5681 | D:6      | Noticed Crazy Yiuf
  5764 | D:6      | Reached skill level 4 in Throwing
  5810 | D:6      | Reached *** piety under Okawaru
  6290 | D:7      | Identified the +2 trident "Uwecami" {heavy, rC++}
  6399 | D:7      | Reached skill level 5 in Throwing
  6402 | D:7      | Reached XP level 9. HP: 54/84 MP: 7/10
  6594 | D:7      | Noticed Duvessa
  6594 | D:7      | Noticed Dowan
  6604 | D:7      | Killed Duvessa
  6606 | D:7      | Killed Dowan
  6647 | D:7      | Found a staircase to the Ecumenical Temple.
  6841 | D:7      | Reached skill level 1 in Long Blades
  7186 | D:8      | Found Cuink's Distillery.
  7358 | D:8      | Found a transporter.
  7365 | D:8      | Found a transporter.
  7368 | D:8      | Noticed Urgle's ghost (novice GnFi)
  7485 | D:8      | Received a gift from Okawaru
  7486 | D:8      | Reached skill level 5 in Fighting
  7577 | D:8      | Found a staircase to the Lair.
  7591 | D:8      | Noticed a death yak
  7635 | D:8      | Found a sparkling altar of Nemelex Xobeh.
  7635 | D:8      | Found a burning altar of Makhleb.
  7635 | D:8      | Found a hide-covered altar of Uskayaw.
  7637 | D:8      | Found a shadowy altar of Dithmenos.
  7639 | D:8      | Found a sacrificial altar of Ru.
  7731 | D:8      | Bought a potion of curing for 36 gold pieces
  7731 | D:8      | Bought a potion of invisibility for 96 gold pieces
  7731 | D:8      | Bought a potion of berserk rage for 60 gold pieces
  8187 | D:9      | Reached XP level 10. HP: 88/94 MP: 12/12
  8196 | D:9      | Reached skill level 5 in Invocations
  8205 | D:9      | Noticed a cyclops
  8219 | D:9      | Killed a cyclops
  8219 | D:9      | Reached **** piety under Okawaru
  8306 | D:9      | Reached skill level 5 in Long Blades
  8492 | D:9      | Noticed a two-headed ogre
  8506 | D:9      | Killed a two-headed ogre
  8668 | D:9      | Found a stormy altar of Qazlal.
  8771 | D:9      | Noticed a boulder beetle
  8779 | D:9      | Killed a boulder beetle
  8779 | D:9      | Received a gift from Okawaru
  8960 | Lair:1   | Entered Level 1 of the Lair of Beasts
  9032 | Lair:1   | Received a gift from Okawaru
  9117 | Lair:1   | Reached skill level 1 in Shields
  9125 | Lair:1   | Reached ***** piety under Okawaru
  9134 | Lair:1   | Reached XP level 11. HP: 86/102 MP: 15/15
  9363 | Lair:1   | Reached skill level 1 in Armour
  9394 | Lair:1   | Received a gift from Okawaru
  9487 | Lair:1   | Noticed Gastronok
  9529 | Lair:2   | Reached skill level 1 in Polearms
  9956 | Lair:2   | Noticed a four-headed hydra
 10082 | Lair:2   | Found a hole to the Spider Nest.
 10128 | Lair:2   | Found a shimmering blue altar of Sif Muna.
 10267 | Lair:2   | Noticed Urug
 10278 | Lair:2   | Killed Urug
 10278 | Lair:2   | Received a gift from Okawaru
 10557 | Lair:3   | Received a gift from Okawaru
 10762 | Lair:3   | Noticed a skyshark
 10932 | Lair:3   | Noticed a death yak
 10932 | Lair:3   | Noticed a death yak
 10935 | Lair:3   | Killed a skyshark
 10936 | Lair:3   | Reached XP level 12. HP: 95/111 MP: 9/16
 10936 | Lair:3   | Noticed a death yak
 11436 | Lair:4   | Reached skill level 5 in Armour
 11577 | Lair:4   | Noticed Nessos
 11613 | Lair:4   | Killed Nessos
 11733 | Lair:4   | Reached skill level 5 in Polearms
 11795 | Lair:4   | Noticed a fire dragon
 11985 | Lair:4   | Noticed Kirke
 12004 | Lair:4   | Killed Kirke
 12005 | Lair:4   | Reached skill level 5 in Shields
 12295 | Lair:5   | Entered Level 5 of the Lair of Beasts
 12391 | Lair:4   | Received a gift from Okawaru
 12419 | Lair:5   | Noticed a catoblepas
 12419 | Lair:5   | Noticed a boulder beetle
 12649 | Lair:5   | Noticed a seven-headed hydra
 12660 | Lair:5   | Killed a catoblepas
 12710 | Lair:5   | Reached XP level 13. HP: 93/119 MP: 18/18
 13164 | Lair:5   | Received a gift from Okawaru
 13164 | Lair:5   | Found the +4 robe of Folly {Brill Will-∞ Int+8}
 13244 | Lair:5   | Found a runed translucent door.
 13259 | Lair:5   | Found a viscous altar of Jiyva.
 13260 | Lair:5   | Found a staircase to the Slime Pits.
 14153 | Lair:5   | Identified the ring of Sucil {rPois Stlth+}
 14187 | Lair:5   | Reached XP level 14. HP: 95/131 MP: 15/20
 14211 | Lair:5   | Received a gift from Okawaru
 14287 | Lair:5   | Found a corrupted altar of Lugonu.
 14297 | Lair:5   | Found a one-way gate to the infinite horrors of the Abyss.
 15210 | Lair:1   | Received a gift from Okawaru
 15606 | Lair:1   | Killed Gastronok
 15606 | Lair:1   | Received a gift from Okawaru
 15607 | Lair:1   | Reached skill level 10 in Invocations
 15874 | D:8      | Found a snail-covered altar of Cheibriados.
 15935 | D:8      | Killed Urgle's ghost
 16033 | D:6      | Killed Crazy Yiuf
 16220 | D:3      | Killed GreenGuy14's ghost
 16362 | D:10     | Entered Level 10 of the Dungeon
 16800 | D:10     | Found an opulent altar of Gozag.
 16989 | D:10     | Found a glowing golden altar of the Shining One.
 17035 | D:10     | Noticed Grum
 17056 | D:10     | Killed Grum
 17645 | D:11     | Reached skill level 10 in Shields
 17959 | D:12     | Identified the ring of Cumn {rPois Str+3 Slay+4}
 18159 | D:12     | Found Evvylibb's Jewellery Shoppe.
 18196 | D:11     | Received a gift from Okawaru
 18475 | D:12     | Found a staircase to the Orcish Mines.
 18964 | D:12     | Received a gift from Okawaru
 19591 | D:13     | Reached skill level 10 in Polearms
 19671 | D:13     | Reached skill level 7 in Throwing
 19671 | D:13     | Reached XP level 15. HP: 143/143 MP: 21/21
 19758 | D:13     | Received a gift from Okawaru
 19785 | D:13     | Reached XP level 16. HP: 143/150 MP: 22/22
 19918 | D:13     | Noticed Jorgrun
 19931 | D:13     | Found a gate to the Vaults.
 20008 | Orc:1    | Entered Level 1 of the Orcish Mines
 20235 | Orc:1    | Reached skill level 8 in Throwing
 20593 | Orc:2    | Entered Level 2 of the Orcish Mines
 20676 | Orc:2    | Found Jotoufu's Jewellery Shop.
 20914 | Orc:2    | Found a staircase to the Elven Halls.
 20946 | Orc:2    | Received a gift from Okawaru
 21296 | Orc:2    | Found Noploeti's Antique Armour Boutique.
 21432 | Orc:2    | Identified the +8 steam dragon scales "Paviawk" {rN+
                  | Slay+2} (Okawaru gifted it to you on level 2 of the Orcish
                  | Mines)
 21432 | Orc:2    | Received a gift from Okawaru
 21556 | Orc:2    | Found Jemutib's General Store.
 21663 | Orc:2    | Found Ahucsogh's Antique Weapon Shoppe.
 21901 | Orc:2    | Bought 3 scrolls of enchant weapon for 337 gold pieces
 21916 | Orc:2    | Bought an encrusted spear for 256 gold pieces
 21916 | Orc:2    | Identified the +1 spear of Ywkapt {protect, rElec} (You
                  | bought it in a shop on level 2 of the Orcish Mines)
 22097 | D:12     | Bought the ring "Wuat" {rElec rPois rF+ Int+2} for 474 gold
                  | pieces
 22230 | Orc:2    | Bought a ring of see invisible for 225 gold pieces
 22467 | Spider:1 | Entered Level 1 of the Spider Nest
 22508 | Spider:1 | Noticed Louise
 22542 | Spider:1 | Killed Louise
 23026 | Spider:1 | Got the Secrets of the Tropics and Congelation
 23290 | Spider:1 | Noticed Azrael
 23317 | Spider:1 | Killed Azrael
 23410 | Arena    | Entered the Arena
 23872 | Spider:2 | Noticed Arachne
 24076 | Spider:2 | Killed Arachne
 24077 | Spider:2 | Reached skill level 9 in Throwing
 24276 | Spider:2 | Noticed Asterion
 24286 | Spider:2 | Killed Asterion
 24300 | Spider:2 | Reached XP level 17. HP: 162/162 MP: 18/24
 25431 | Spider:4 | Entered Level 4 of the Spider Nest
 25457 | Spider:4 | Found a frozen archway.
 25573 | IceCv    | Entered an ice cave
 25590 | IceCv    | Found a transporter.
 25603 | IceCv    | Found a transporter.
 26343 | Spider:4 | Identified the +1 robe of Snakes and Ladders {Will+}
                  | (Okawaru gifted it to you on level 4 of the Spider Nest)
 26343 | Spider:4 | Received a gift from Okawaru
 26680 | Spider:4 | Reached skill level 10 in Throwing
 27190 | Spider:4 | Got a gossamer rune of Zot
 27611 | D:13     | Found a hide-covered altar of Uskayaw.
 27724 | D:13     | Killed Jorgrun
 27829 | D:13     | Reached XP level 18. HP: 165/174 MP: 26/26
 27974 | D:13     | Reached skill level 10 in Fighting
 29492 | Shoals:1 | Entered Level 1 of the Shoals
 29500 | Shoals:1 | You fall into a shaft and drop 1 floor!
 29786 | Shoals:1 | Found a runed translucent door.
 29787 | Shoals:1 | Noticed Zays's ghost (adept GrEE)
 29902 | Shoals:1 | Killed Zays's ghost
 30186 | D:8      | Bought 2 potions of invisibility for 192 gold pieces
 30186 | D:8      | Bought a potion of curing for 36 gold pieces
 30186 | D:8      | Bought a potion of curing for 36 gold pieces
 30373 | Shoals:1 | Identified the +10 pearl dragon scales "Fuodaihu" {rN+
                  | Slay+3} (Okawaru gifted it to you on level 1 of the Shoals)
 30373 | Shoals:1 | Received a gift from Okawaru
 30630 | Shoals:1 | Identified a scroll of acquirement
 30631 | Shoals:1 | Acquired the +10 tower shield of Ignorance {rN+ Int-4}
 30631 | Shoals:1 | Found the +10 tower shield of Ignorance {rN+ Int-4}
 32189 | Shoals:3 | Found Tiamy's Antique Weapon Shop.
 32499 | Shoals:4 | Entered Level 4 of the Shoals
 32906 | Shoals:4 | Found a runed translucent door.
 32948 | Shoals:4 | Noticed benadryl's ghost (adept TrAr)
 32965 | Shoals:4 | Received a gift from Okawaru
 33069 | Shoals:4 | Found Leguc's General Store.
 33078 | Shoals:4 | Bought a potion of lignification for 57 gold pieces
 33078 | Shoals:4 | Bought a potion of curing for 57 gold pieces
 33078 | Shoals:4 | Bought a potion of curing for 57 gold pieces
 33123 | Shoals:4 | Killed benadryl's ghost
 33233 | Shoals:4 | Reached XP level 19. HP: 159/180 MP: 26/28
 33297 | Shoals:4 | Got a barnacled rune of Zot
 33463 | Shoals:4 | Received a gift from Okawaru
 33557 | Shoals:4 | Got Sif Muna's Handbook of Cursed Changing
 34094 | Vaults:1 | Entered Level 1 of the Vaults
 34448 | Vaults:1 | Reached skill level 11 in Throwing
 35348 | Vaults:1 | Received a gift from Okawaru
 35548 | Vaults:1 | Identified the +3 pearl dragon scales "Retaepoa" {Harm rF+
                  | rN+ Slay-4} (Okawaru gifted it to you on level 1 of the
                  | Vaults)
 35548 | Vaults:1 | Received a gift from Okawaru
 36438 | Vaults:2 | Noticed Mara
 36947 | Vaults:2 | Found Ulumi Mom's Distillery.
 37005 | Vaults:2 | Bought 2 potions of might for 144 gold pieces
 37005 | Vaults:2 | Bought a potion of might for 72 gold pieces
 37005 | Vaults:2 | Bought a potion of heal wounds for 90 gold pieces
 37005 | Vaults:2 | Bought 2 potions of heal wounds for 180 gold pieces
 37005 | Vaults:2 | Bought a potion of berserk rage for 90 gold pieces
 37148 | Vaults:3 | Found Ixzum's Armour Shop.
 37209 | Vaults:3 | Reached skill level 15 in Shields
 37413 | Vaults:3 | Noticed Jory
 37433 | Vaults:3 | Reached XP level 20. HP: 186/191 MP: 23/30
 37452 | Vaults:3 | Killed Jory
 37453 | Vaults:3 | Reached skill level 15 in Invocations
 37552 | Vaults:3 | Reached skill level 10 in Armour
 37566 | Vaults:3 | Reached skill level 12 in Throwing
 37567 | Vaults:3 | Noticed Donald
 37572 | Vaults:3 | Killed Donald
 37572 | Vaults:3 | Received a gift from Okawaru
 37900 | Vaults:3 | Found a staircase to the Crypt.
 37907 | Vaults:3 | Received a gift from Okawaru
 38313 | Vaults:3 | Paralysed by a formless jellyfish for 1 turns
 39272 | Vaults:4 | Reached ****** piety under Okawaru
 39413 | Vaults:4 | Noticed Boris
 39432 | Vaults:4 | Killed Boris
 39433 | Vaults:4 | Reached skill level 13 in Throwing
 39447 | Vaults:4 | Received a gift from Okawaru
 39551 | Vaults:4 | Received a gift from Okawaru
 39605 | Vaults:4 | Identified the ring of Xezuck {rF++ rN+ EV+5 Dex+3}
 39982 | Vaults:4 | Noticed Frederick
 40005 | Vaults:4 | Killed Frederick
 40006 | Vaults:4 | Reached XP level 21. HP: 200/200 MP: 31/31
 40439 | Vaults:4 | Found a runed translucent gate.
 40439 | Vaults:4 | Found a runed translucent gate.
 40439 | Vaults:4 | Found a runed translucent gate.
 40441 | Vaults:4 | Noticed Hi5aMiFi's ghost (adept TrSh)
 40545 | Vaults:4 | Noticed Bai Suzhen
 40561 | Vaults:4 | Killed Bai Suzhen
 41136 | Vaults:2 | Killed Mara
 41737 | Orc:2    | Bought a potion of resistance for 150 gold pieces
 41773 | Elf:1    | Entered Level 1 of the Elven Halls
 41784 | Elf:1    | Paralysed by an air elemental for 1 turns
 41946 | Elf:1    | Identified the scarf of the Unbroken {repulsion, +Inv
                  | Int+6} (Okawaru gifted it to you on level 1 of the Elven
                  | Halls)
 41946 | Elf:1    | Received a gift from Okawaru
 42296 | Elf:1    | Found Luru's Book Emporium.
 42297 | Elf:1    | Found Datebb's Jewellery Shop.
 42298 | Elf:1    | Found Learois's Book Emporium.
 42306 | Elf:1    | Bought a ring of willpower for 450 gold pieces
 43130 | Elf:2    | Found Zehoigh's Weapon Shoppe.
 43217 | Elf:2    | Found a runed translucent gate.
 43217 | Elf:2    | Found a runed translucent gate.
 43217 | Elf:2    | Found a runed translucent gate.
 43327 | Elf:2    | Paralysed by an air elemental for 1 turns
 43439 | Elf:2    | Paralysed by an air elemental for 1 turns
 43986 | Elf:2    | Reached skill level 14 in Throwing
 44227 | Elf:3    | Entered Level 3 of the Elven Halls
 44273 | Elf:3    | Paralysed by an air elemental for 1 turns
 44575 | Elf:3    | Paralysed by an air elemental for 1 turns
 44623 | Elf:3    | Paralysed by an air elemental for 1 turns
 45077 | Elf:3    | Received a gift from Okawaru
 45133 | Elf:3    | Reached XP level 22. HP: 190/213 MP: 29/32
 45221 | Elf:3    | Identified the +4 battleaxe of the Wary Tables {flame,
                  | *Noise rCorr Str-5 Stlth+}
 45233 | Elf:3    | Identified the +2 robe of Immorality {Int+4} (Okawaru
                  | gifted it to you on level 3 of the Elven Halls)
 45233 | Elf:3    | Received a gift from Okawaru
 45532 | Elf:3    | Identified the staff of Callousness {rN+ Int+3 Dex+3 Necro}
 45555 | Elf:3    | Identified the +2 scale mail "Uggig" {rF+ Dex+2 SInv
                  | Stlth+}
 45556 | Elf:3    | Identified the +8 plate armour of Fet Ynev {-Tele *Slow
                  | rC+++ Int+2}
 45560 | Elf:3    | Identified the +1 quarterstaff of Blood {elec, *Corrode
                  | +Blink rElec rC++}
 45576 | Elf:3    | Got the Handbook of Reformation and Infection
 45782 | Elf:1    | Bought the ring of the Traitor {rC+ rN+} for 612 gold
                  | pieces
 46008 | D:15     | Entered Level 15 of the Dungeon
 46168 | D:15     | Found a runed translucent door.
 46168 | D:15     | Noticed Tewoziw's ghost (journeyman FoFi)
 46238 | D:15     | Killed Tewoziw's ghost
 46393 | D:15     | Found a staircase to the Depths.
 46574 | D:15     | Found a radiant altar of Vehumet.
 46664 | D:15     | Identified the +0 flail "Dih Vydo" {heavy, rF+ rN++ Dex-3}
 46869 | Crypt:1  | Entered Level 1 of the Crypt
 47032 | Crypt:1  | Found a magical portal.
 47136 | WizLab   | Entered Lehudib's Moon Base
 47497 | WizLab   | Found a transporter.
 47909 | WizLab   | Identified the amulet of the Seeker {RegenMP Fragile rC++
                  | Will+ Stlth+}
 48076 | WizLab   | Reached skill level 15 in Throwing
 48110 | WizLab   | Received a gift from Okawaru
 48160 | WizLab   | Found a transporter.
 48435 | Crypt:1  | Received a gift from Okawaru
 48716 | Crypt:1  | Noticed Margery
 48858 | Crypt:1  | Killed Margery
 48858 | Crypt:1  | Received a gift from Okawaru
 48940 | Crypt:1  | Reached skill level 15 in Armour
 49149 | Crypt:2  | Received a gift from Okawaru
 49151 | Crypt:2  | Reached XP level 23. HP: 206/227 MP: 33/33
 49151 | Crypt:2  | Noticed Boris
 49157 | Crypt:2  | Killed Boris
 49548 | Crypt:3  | Entered Level 3 of the Crypt
 49709 | Crypt:3  | Identified the +0 chain mail "Racod" {-Cast rElec rCorr
                  | Str+3}
 49783 | Crypt:3  | Found the amulet of the Four Winds {rN+ Will+++ Clar}
 50173 | Crypt:3  | Received a gift from Okawaru
 50332 | Crypt:3  | Found a staircase to the Tomb.
 50479 | Crypt:3  | Noticed a curse toe
 50524 | Crypt:3  | Killed a curse toe
 50524 | Crypt:3  | Received a gift from Okawaru
 50598 | Crypt:3  | Noticed an ancient lich
 50729 | Crypt:3  | Identified the staff of Defenestration {rF+ rN+ Dex+3
                  | Necro}
 50751 | Crypt:3  | Killed an ancient lich
 50755 | Crypt:3  | Identified the staff of the Final Decision {Drain rElec
                  | Str+3 Dex+4 Conj Air}
 50761 | Crypt:3  | Got the Enchiridion on Ectoplasm
 50766 | Crypt:3  | Identified the +3 ring mail of Disappointment {Contam
                  | Str+3}
 51249 | Slime:1  | Entered Level 1 of the Pits of Slime
 51250 | Slime:1  | Received a gift from Okawaru
 51259 | Lair:5   | Reached skill level 15 in Fighting
 51266 | Slime:1  | Gained mutation: You occasionally lose the ability to drink
                  | potions when taking damage. [a shining eye]
 51662 | Slime:4  | Gained mutation: You are clumsy. (Dex -2) [a shining eye]
 51824 | Slime:5  | Entered Level 5 of the Pits of Slime
 52001 | Slime:4  | Received a gift from Okawaru
 52394 | Slime:5  | Noticed the Royal Jelly
 52474 | Slime:5  | Found a viscous altar of Jiyva.
 52482 | Slime:5  | Killed the Royal Jelly
 52554 | Slime:5  | Got the Catalogue of the Stinger
 52567 | Slime:5  | Identified the +2 dagger of Lixutrem {heavy, Dex+3}
 52572 | Slime:5  | Identified the +1 leather armour "Mumopt" {Fly rF+ Will+
                  | Int+4}
 52581 | Slime:5  | Identified the ring of Polyr {*Corrode rPois rC+ Will+
                  | EV+5}
 52588 | Slime:5  | Got a slimy rune of Zot
 52589 | Slime:5  | Identified the ring "Vuassoex" {Wiz Str+3 Int+2}
 52620 | Slime:5  | Identified the +5 rapier of Wuoloe Xurr {venom, Will+}
 52635 | Slime:5  | Identified the +6 orcbow of the Volcano {flame, rElec
                  | Stlth+}
 52692 | Slime:5  | Identified the staff "Voaxt" {*Slow rElec rF+ Dex+7 Stlth-
                  | Fire}
 52958 | Lair:5   | Lost mutation: You occasionally lose the ability to drink
                  | potions when taking damage. [potion of mutation]
 52958 | Lair:5   | Lost mutation: You are clumsy. (Dex -2) [potion of
                  | mutation]
 52958 | Lair:5   | Gained mutation: You are agile. (Dex +4, Str/Int -1)
                  | [potion of mutation]
 53143 | D:6      | Received a gift from Okawaru
 53384 | Shoals:4 | Bought a wand of paralysis (2) for 91 gold pieces
 53384 | Shoals:4 | Bought a potion of mutation for 152 gold pieces
 53763 | Orc:2    | Bought a scroll of revelation for 112 gold pieces
 54018 | D:8      | Bought a potion of attraction for 36 gold pieces
 54236 | Depths:1 | Entered Level 1 of the Depths
 54462 | Depths:1 | Received a gift from Okawaru
 54463 | Depths:1 | Reached XP level 24. HP: 231/244 MP: 33/33
 54522 | Depths:1 | Reached skill level 16 in Throwing
 54595 | Depths:1 | Received a gift from Okawaru
 54611 | Depths:1 | Found a gateway to Hell.
 54791 | Depths:1 | Identified the +0 robe of the Depths {Int+3} (Okawaru
                  | gifted it to you on level 1 of the Depths)
 54791 | Depths:1 | Received a gift from Okawaru
 54802 | Depths:1 | Found a corrupted altar of Lugonu.
 55276 | Depths:1 | Found Wyukoe's Magic Scroll Emporium.
 55279 | Depths:1 | Bought a scroll of teleportation for 51 gold pieces
 55279 | Depths:1 | Bought a scroll of teleportation for 51 gold pieces
 55591 | Depths:2 | Noticed a juggernaut
 55609 | Depths:2 | Killed a juggernaut
 55670 | Depths:2 | Identified the +1 hand axe of Xukee {flame, rF++}
 56784 | Depths:2 | Found a one-way gate leading to the halls of Pandemonium.
 57063 | Depths:3 | Received a gift from Okawaru
 57068 | Depths:3 | Reached skill level 17 in Throwing
 57660 | Depths:3 | Identified the +3 trident of Valour {flame, Will+ Str+3}
 57768 | Depths:3 | Received a gift from Okawaru
 58084 | Depths:4 | Entered Level 4 of the Depths
 58213 | Depths:4 | Received a gift from Okawaru
 58303 | Depths:4 | Received a gift from Okawaru
 58396 | Depths:4 | Found a one-way gateway to a ziggurat.
 58487 | Depths:4 | Reached XP level 25. HP: 253/253 MP: 33/33
 58579 | Depths:4 | Found a sacrificial altar of Ru.
 58732 | Depths:4 | Received a gift from Okawaru
 58819 | Depths:4 | Noticed Vv
 58834 | Depths:4 | Killed Vv
 58972 | Depths:4 | Received a gift from Okawaru
 59245 | Depths:4 | Found a gate to the Realm of Zot.
 59435 | Zot:1    | Entered Level 1 of the Realm of Zot
 59764 | Zot:1    | Reached skill level 18 in Throwing
 60066 | Zot:1    | Received a gift from Okawaru
 60247 | Zot:1    | Received a gift from Okawaru
 60479 | Zot:1    | Received a gift from Okawaru
 60488 | Arena    | Entered the Arena
 60882 | Zot:2    | Received a gift from Okawaru
 62020 | Vaults:5 | Entered Level 5 of the Vaults
 62020 | Vaults:5 | Found the +7 Spriggan's Knife {stab, EV+4 Stlth+}
 62048 | Vaults:5 | Received a gift from Okawaru
 62441 | Vaults:5 | Identified the ring of Haxutegi {Drain EV+5 Str+3 Dex+2}
 62467 | Vaults:5 | Reached XP level 26. HP: 266/266 MP: 33/33
 62479 | Vaults:5 | Identified the +11 flail of Dawn {freeze, rC+ rN+ Str+2}
 62552 | Vaults:5 | Reached skill level 5 in Evocations
 62589 | Vaults:5 | Reached skill level 19 in Throwing
 62598 | Vaults:5 | Identified the +0 plate armour of the Realm of Zot {rPois
                  | rC- MP+9 Int+2}
 62626 | Vaults:5 | Received a gift from Okawaru
 63100 | Vaults:5 | Identified the +1 leather armour "Beqitoh" {rPois Dex+3}
 63325 | Vaults:5 | Identified the +4 hand axe "Obier" {freeze, rPois Int+3}
 63325 | Vaults:5 | Identified the ring "Kaaxus" {Fire *Corrode rElec Str+3
                  | SInv}
 63710 | Vaults:5 | Identified the +3 ring mail of Jukubom {Rampage rCorr}
 63719 | Vaults:5 | Found Nivaot's Antique Armour Shoppe.
 63728 | Vaults:5 | Got a silver rune of Zot
 65345 | Zot:3    | Received a gift from Okawaru
 65803 | Zot:3    | Received a gift from Okawaru
 66075 | Zot:4    | Received a gift from Okawaru
 66136 | Zot:4    | Reached skill level 5 in Dodging
 66308 | Zot:4    | Found a transporter.
 66327 | Zot:4    | Found a transporter.
 66329 | Zot:4    | Noticed Toid's ghost (veteran OgBe)
 66589 | Zot:4    | Reached skill level 20 in Throwing
 66667 | Zot:4    | Identified the ring of Voenen {*Slow Fly rPois Dex+6 Slay+2
                  | Stlth+}
 67213 | Zot:4    | Reached XP level 27. HP: 276/276 MP: 33/33
 67367 | Zot:4    | Paralysed by you for 3 turns
 67405 | Zot:4    | Got Inkow's Guide on the Pestilent Icicle
 67407 | Zot:4    | Identified the +3 flail "Terphoas" {venom, rElec Dex+3}
 67876 | Depths:1 | Bought a scroll of enchant armour for 127 gold pieces
 67876 | Depths:1 | Bought a scroll of enchant armour for 127 gold pieces
 67876 | Depths:1 | Bought 3 scrolls of enchant armour for 382 gold pieces
 68955 | Zot:5    | Entered Level 5 of the Realm of Zot
 68957 | Zot:5    | Noticed an orb of fire
 68958 | Zot:5    | Noticed an ancient lich
 68960 | Zot:5    | Noticed an ancient lich
 69017 | Zot:5    | Killed an ancient lich
 69029 | Zot:5    | Killed an ancient lich
 69139 | Zot:5    | Acquired the +1 cloak "Fila" {-Cast rCorr Str+6 Dex-5}
 69575 | Zot:5    | Noticed an orb of fire
 69584 | Zot:5    | Killed an orb of fire
 69722 | Zot:5    | Noticed a dread lich
 69765 | Zot:5    | Killed a dread lich
 69765 | Zot:5    | Received a gift from Okawaru
 69996 | Zot:5    | Noticed an orb of fire
 70003 | Zot:5    | Killed an orb of fire
 70133 | Zot:5    | Received a gift from Okawaru
 70248 | Zot:5    | Received a gift from Okawaru
 70340 | Zot:5    | Reached skill level 21 in Throwing
 70379 | Zot:5    | Noticed an orb of fire
 70391 | Zot:5    | Gained mutation: You are weak. (Str -2) [an orb of fire]
 70397 | Zot:5    | Killed an orb of fire
 70397 | Zot:5    | Received a gift from Okawaru
 70487 | Zot:5    | Gained mutation: You sometimes lose your temper in combat.
                  | [an orb of fire]
 70500 | Zot:5    | Killed an orb of fire
 70729 | Zot:5    | Found a runed translucent door.
 70729 | Zot:5    | Noticed Feng's ghost (veteran OgBe)
 70764 | Zot:5    | Killed Feng's ghost
 70764 | Zot:5    | Received a gift from Okawaru
 70854 | Zot:5    | Lost mutation: You are agile. (Dex +4, Str/Int -1) [potion
                  | of mutation]
 70854 | Zot:5    | Lost mutation: You sometimes lose your temper in combat.
                  | [potion of mutation]
 70854 | Zot:5    | Gained mutation: You passively dampen the noise of your
                  | surroundings. [potion of mutation]
 70854 | Zot:5    | Gained mutation: You are covered in thick fur. (AC +2)
                  | [potion of mutation]
 70855 | Zot:5    | Got the Orb of Zot
 71207 | D:12     | Noticed Asookit the pandemonium lord
 71207 | Arena    | Entered the Arena
 71244 | D:12     | Killed Asookit the pandemonium lord
 71433 | D:$      | Escaped with the Orb!

Illustrated notes

Levels and vault maps discovered:
D:1:      dpeg_arrival_stone_temple_mockup, layout_basic, serial_shops, shop,
          hellmonk_ecumenical_altar_dog_temple
D:2:      layout_basic, serial_shops, nicolae_shop_peninsula, basic_altar
D:3:      layout_basic, pdpol_wu_jian_five_deadly_venoms,
          ebering_ghost_disaster_area, kennysheep_generic_room_16
D:4:      layout_basic, interstate_on_off, hangedman_decor_push,
          grunt_ministairs_15
D:5:      layout_basic, tgw_xom, uniq_menkaure
D:6:      cheibrodos_quashed, layout_rooms, uniq_crazy_yiuf_cottage
D:7:      layout_loops_ring, minmay_temple_entry_glassed_door, uniq_duvessa
D:8:      layout_cave_pools, minitemple, slow_altar_2, david_lair_generic,
          serial_shops, nicolae_inconvenience_store, gammafunk_ghost_stat_death
D:9:      layout_loops_ring, mainiacjoe_overflow_24_doors, minmay_three_doors
D:10:     layout_cave_pods, mainiacjoe_overflow_surrounded_room,
          nicolae_tso_carved_into_rock, uniq_grum
D:11:     cheibrodos_elevator_heist, layout_rooms
D:12:     layout_stronghold, orc_0_dummy, serial_shops,
          nicolae_shop_hallway_stairs
D:13:     layout_loops_cross, lightli_vaults_fourway_checkpoint,
          nicolae_uskayaw_murder_on_the_dancefloor, uniq_jorgrun
D:14:     layout_loops_ring, chequers_big_river, roderic_roman_lattice
D:15:     hellmonk_depths_entry_around_the_bend, layout_gridville,
          nicolae_vehumet_altar_sigil, gammafunk_ghost_grave
Lair:1:   layout_chaotic_city, st_stairs_8, chequers_serial_rivers_marsh,
          uniq_gastronok
Lair:2:   layout_regular_city, hellmonk_spider_entry_life_and_decay,
          basic_altar, grunt_megastairs_5, serial_bayou_shore_b, uniq_urug
Lair:3:   layout_regular_city, nicolae_shoals_entry_flooding, ldierk_geyser
Lair:4:   dragon1_lemuel, layout_cave_pods, grunt_megastairs_2, uniq_kirke,
          uniq_nessos
Lair:5:   hellmonk_lair_end_abyssal_woods, layout_cave_shapes, slime_entry_2,
          grunt_megastairs_1
Shoals:1: layout_shoals, gammafunk_ghost_grave
Shoals:2: nzn_motion_control, layout_shoals
Shoals:3: layout_shoals, serial_shops, shop
Shoals:4: shoals_end_simple, layout_shoals, serial_shops, shop,
          hellmonk_ghost_happy_afterlife
Spider:1: layout_spider_delve, hellmonk_spider_spawner, uniq_azrael, uniq_louise
Spider:2: nicolae_spider_hilbert_zone_5 [nicolae_spider_hilbert_3_sides_1_open,
          nicolae_spider_hilbert_4_sides_1_open,
          nicolae_spider_hilbert_4_sides_1_open,
          nicolae_spider_hilbert_6_sides_1_open,
          nicolae_spider_hilbert_6_sides_1_open], uniq_asterion, uniq_arachne
Spider:3: layout_spider_delve
Spider:4: hellmonk_spider_rune_endless_swarm,
          portal_ice_cave_entry_ice_statue_two, nicolae_spider_circle_web
Slime:1:  layout_caves
Slime:2:  layout_caves, cheibrodos_slime_lost_civilization_5
Slime:3:  layout_caves, nicolae_slime_barrier
Slime:4:  layout_caves, nicolae_slime_round_cave
Slime:5:  slime_pit
Orc:1:    layout_diamond_mine, basic_altar, mines5_lemuel
Orc:2:    grunt_orc_gardens, layout_caves, grunt_orc_garden, grunt_orc_garden,
          grunt_orc_garden, grunt_orc_garden
Elf:1:    layout_onion_city, minmay_elf_demonology, minmay_shop_grove
Elf:2:    nicolae_elf_blades_splatter_lattice [nicolae_blade_entry_antechamber],
          layout_loops_cross, serial_shops, shop_statue,
          hangedman_elf_power_crystal
Elf:3:    grunt_elf_hall_diamonds, layout_geoelf_castle, drop_trap
Vaults:1: nicolae_vaults_closet_pinwheel_5, v_misc_29, v_alt_pattern_4,
          ontoclasm_vaults_decontamination, v_misc_8,
          nicolae_vaults_sightless_eye, v_misc_19,
          nicolae_vaults_closet_pinwheel_4, hangedman_vaults_slice,
          layout_vaults_chaotic_city
Vaults:2: nicolae_vaults_diamond_1, v_misc_8, nicolae_vaults_network_s,
          nicolae_vaults_what_the_h, nicolae_vaults_sesquioval_fish,
          nicolae_vaults_double_plus_2, nicolae_vaults_circle_grid_a,
          ontoclasm_vaults_idyll, vaults_room_pools, layout_vaults_quadrants,
          serial_shops, shop, uniq_mara
Vaults:3: minmay_crypt_entry_simple_round, nicolae_vaults_little_squares_4,
          nicolae_vaults_twisting_passages, st_star,
          nicolae_vaults_network_quinsquares
          [nicolae_vaults_network_quincunx_subvault,
          nicolae_vaults_network_quincunx_subvault,
          nicolae_vaults_network_quincunx_subvault,
          nicolae_vaults_network_quincunx_subvault], vaults_mumra_chevron,
          nicolae_vaults_closet_pinwheel_1, nicolae_vaults_sealed_display,
          vaults_room_grunt_arrival_ludios, v_misc_33,
          nicolae_vaults_tetromino_L_1, vaults_dpeg_encased_lava,
          layout_vaults_maze_snakey, serial_shops, nicolae_shop_stone,
          uniq_donald, uniq_jory
Vaults:4: gammafunk_ghost_tricky_traps, nicolae_vaults_good_morning_starshine,
          ontoclasm_vaults_tryst, nicolae_vaults_six-pack,
          nicolae_vaults_ring_of_whatevers, nicolae_vaults_little_squares_4,
          vaults_room_large_hall, nicolae_vaults_little_squares_6,
          nicolae_vaults_specimen_jars, hangedman_vaults_impose,
          nicolae_vaults_network_star, v_misc_8, nicolae_vaults_tangram_1,
          nicolae_vaults_tetromino_T_1, hangedman_vaults_trim,
          nicolae_vaults_wine_cellar, layout_vaults_omnicross, uniq_boris,
          uniq_bai_suzhen, uniq_frederick
Vaults:5: serial_shops
Crypt:1:  layout_gridlike, infiniplex_enter_wizlab_water, uniq_margery
Crypt:2:  layout_basic
Crypt:3:  david_glass_crypt, layout_chaotic_city,
          nicolae_tomb_entry_grand_gallery
Depths:1: layout_gridlike, grunt_hell_entry_demonic_statue, nrook_uturn,
          serial_shops, nicolae_shop_rolled_up, tgw_lugonu_bribe
Depths:2: minmay_swirls_squares, layout_small_grid, hell_entry,
          minmay_room_of_horrors, rand_demon_pan_entry_8, serial_bayou_ford_a,
          serial_bayou_crossing
Depths:3: dreamdust_hydra_shepherd, layout_cave_pools, abyss_entry_crystal,
          hell_entry, rand_demon_pan_entry_5, grunt_ministairs_7,
          minmay_crystal_room, serial_bayou_shore_a
Depths:4: evilmike_zot_entry_diamond, layout_long_grid, enter_ziggurat_d,
          nicolae_ru_the_path_less_chosen, pan_entry, abyss_entry,
          hangedman_coc_ice_floe, serial_bayou_shore_b, uniq_vv
Zot:1:    layout_cellular_growth
Zot:2:    layout_onion_interference, uniq_grunn
Zot:3:    layout_concentric_octagons
Zot:4:    gammafunk_mikee_crab_dinner, layout_basic, gammafunk_ghost_arena,
          grunt_ministairs_12, st_stairs_1
Zot:5:    layout_basic, ebering_ghost_inner_flame

Skill      XL: |  1  2  3  4  5  6  7  8  9 10 11 12 13 14 15 16 17 18 19 20 21 22 23 24 25 26 27 |
---------------+----------------------------------------------------------------------------------+-----
Fighting       | 1 2 3 4 5 6 7 9 10 11 13 15 16 17 | 17.6
Unarmed Combat | 4 5 |  5.0
Evocations     | 1 2 3 4 6 7 |  7.0
Throwing       | 1 3 5 7 9 10 11 13 14 15 17 18 20 21 | 21.3
Invocations    | 1 2 3 4 6 7 8 9 10 11 13 14 15 | 15.0
Shapeshifting  | 4 6 7 |  7.0
Long Blades    | 4 7 |  7.6
Shields        | 1 4 6 8 10 11 12 13 15 16 17 18 19 20 | 20.0
Armour         | 4 6 7 8 9 11 13 15 16 17 18 19 20 | 20.9
Polearms       | 4 6 8 10 11 12 13 14 | 14.0
Dodging        | 6 7 |  7.0

Action                     |  1- 3 |  4- 6 |  7- 9 | 10-12 | 13-15 | 16-18 | 19-21 | 22-24 | 25-27 || total
---------------------------+-------+-------+-------+-------+-------+-------+-------+-------+-------++-------
  Melee: Unarmed           |    78 |    96 |   190 |   354 |       |       |       |       |       ||   718
         Punch             |     2 |     3 |       |       |       |       |       |       |       ||     5
         Trident           |       |       |       |   114 |   832 |  1808 |       |       |       ||  2754
         Dagger            |       |       |       |       |     3 |       |       |       |       ||     3
         Demon trident     |       |       |       |       |       |    10 |  1902 |  2063 |  2000 ||  5975
  Throw: Stone             |     2 |     9 |       |     9 |    80 |       |       |       |       ||   100
         Dart              |       |     7 |    44 |    37 |    15 |    15 |     1 |       |       ||   119
         Boomerang         |       |     2 |    20 |    61 |    40 |   309 |    78 |   159 |   145 ||   814
         Throwing net      |       |       |       |     2 |       |     4 |     2 |     2 |     1 ||    11
         Large rock        |       |       |       |    12 |    52 |   104 |    14 |    76 |   166 ||   424
         Javelin           |       |       |       |     5 |    11 |    37 |    70 |    91 |    58 ||   272
 Invoke: Heroism           |       |     1 |     5 |    19 |    18 |    28 |    12 |    18 |    13 ||   114
         Finesse           |       |       |       |     3 |     5 |     6 |     5 |     6 |       ||    25
         Duel              |       |       |       |       |       |     1 |       |       |     2 ||     3
  Evoke: Wand              |       |     2 |     4 |     9 |     5 |    12 |     4 |     5 |     8 ||    49
         Tin of tremorston |       |       |       |       |       |     2 |     1 |     2 |       ||     5
    Use: Scroll            |     4 |     1 |    10 |    14 |     7 |    20 |     6 |     9 |    21 ||    92
         Potion            |       |     1 |     2 |     5 |     8 |    19 |     6 |     5 |    34 ||    80
   Stab: Sleeping          |     1 |     1 |       |     1 |     2 |       |       |       |       ||     5
         Paralysed         |       |     5 |     4 |    18 |     2 |     6 |     5 |       |       ||    40
         Invisible         |       |       |       |     7 |     4 |     3 |     2 |       |       ||    16
         Held in net/web   |       |       |       |     2 |       |     2 |     1 |     1 |     1 ||     7
         Distracted        |       |       |       |       |     2 |     2 |       |       |     2 ||     6
         Confused          |       |       |       |       |       |       |       |       |     1 ||     1
 Armour: Animal skin       |    29 |    49 |    62 |       |       |       |       |       |       ||   140
         Skin              |       |     2 |       |       |       |       |       |    41 |    13 ||    56
         Robe              |       |       |    51 |   241 |   341 |    13 |       |       |       ||   646
         Steam dragon scal |       |       |       |       |       |   491 |       |       |       ||   491
         Troll leather arm |       |       |       |       |       |    66 |       |       |       ||    66
         Pearl dragon scal |       |       |       |       |       |   200 |   517 |   500 |   670 ||  1887
         Gold dragon scale |       |       |       |       |       |       |       |       |   108 ||   108
  Dodge: Dodged            |    16 |    31 |    71 |   159 |   187 |   267 |    97 |   102 |   160 ||  1090
         Repelled          |       |       |       |       |       |       |     1 |     1 |       ||     2
  Block: Kite shield       |       |       |       |   148 |   394 |   898 |    84 |       |       ||  1524
         Tower shield      |       |       |       |       |       |       |   902 |  1278 |  1493 ||  3673
         Form:             |       |       |       |       |       |     1 |       |       |       ||     1

Table legend: (Time is in decaauts)
 A = Elapsed time spent in this place.
 B = Non-inter-level travel time spent in this place.
 C = Inter-level travel time spent in this place.
 D = Time resting spent in this place.
 E = Time spent auto-exploring this place.
 F = Levels seen in this place.
 G = Mean time per level.
                   A        B        C        D        E       F      G
               +--------+--------+--------+--------+--------+-----+--------+
         Total |  68426 |  57759 |  10667 |   4695 |   7207 |  60 | 1140.4 |
       Dungeon |  17980 |  13916 |   4064 |    593 |   2284 |  15 | 1198.7 |
          Lair |   8004 |   6556 |   1448 |    605 |    478 |   5 | 1600.8 |
        Shoals |   3961 |   3605 |    356 |    121 |    605 |   4 |  990.2 |
   Spider Nest |   4626 |   4438 |    188 |    790 |    849 |   4 | 1156.5 |
    Slime Pits |   1591 |   1489 |    102 |    262 |     97 |   5 |  318.2 |
  Orcish Mines |   2606 |   1733 |    873 |     34 |    141 |   2 | 1303.0 |
   Elven Halls |   4091 |   3514 |    577 |     13 |    837 |   3 | 1363.7 |
        Vaults |   8831 |   7635 |   1196 |    456 |    573 |   5 | 1766.2 |
         Crypt |   2547 |   2322 |    225 |    108 |    130 |   3 |  849.0 |
        Depths |   5580 |   4627 |    953 |    267 |    767 |   4 | 1395.0 |
           Zot |   7346 |   6663 |    683 |   1404 |    446 |   5 | 1469.2 |
      Ice Cave |     45 |     45 |      0 |      0 |      0 |   1 |   45.0 |
        Wizlab |   1134 |   1134 |      0 |     28 |      0 |   1 | 1134.0 |
         Arena |     77 |     77 |      0 |     12 |      0 |   3 |   25.7 |
               +--------+--------+--------+--------+--------+-----+--------+

Top non-repeatable levels by time:
    D:12: 2173 daAuts
  Lair:5: 2026 daAuts
Vaults:4: 1992 daAuts
Vaults:1: 1929 daAuts
   Zot:4: 1910 daAuts
Spider:4: 1735 daAuts
Vaults:3: 1717 daAuts
Vaults:5: 1710 daAuts
Depths:2: 1681 daAuts
  Lair:2: 1629 daAuts
  Lair:1: 1542 daAuts
     D:8: 1527 daAuts
     D:5: 1513 daAuts
Spider:1: 1499 daAuts
   Zot:5: 1489 daAuts
